 Dungeon Crawl Stone Soup version 0.30-a0-722-g3e6e8c874d (webtiles) character file.

Game seed: 17751174897126837209

14 Strat the Cutter (level 2, -1/24 HPs)
             Began as a Draconian Reaver on Jan 27, 2023.
             Succumbed to an adder's poison
             ... on level 2 of the Dungeon.
             The game lasted 00:01:07 (289 turns).

Strat the Cutter (Draconian Reaver)                  Turns: 289, Time: 00:01:08

Health: -1/24      AC:  4    Str: 14    XL:     2   Next: 31%
Magic:  2/5        EV: 12    Int: 13    God:
Gold:   48         SH:  0    Dex:  9    Spells: 2/5 levels left

rFire   . . .      SeeInvis .    a - +0 short sword
rCold   . . .      Faith    .    (no shield)
rNeg    . . .      Spirit   .    (body armour unavailable)
rPois   .          Reflect  .    (helmet restricted)
rElec   .          Harm     .    (no cloak)
rCorr   .          Rampage  .    (no gloves)
Will    +....                    (no boots)
Stlth   +                        (no amulet)
HPRegen 0.24/turn                c - ring of willpower
MPRegen 0.09/turn                (no ring)

@: lethally poisoned (-1 -> -9)
A: AC +4, unfitting armour, cold-blooded
a: no special abilities


You were on level 2 of the Dungeon.
You visited 1 branch of the dungeon, and saw 2 of its levels.

You collected 48 gold pieces.

Inventory:

Hand Weapons
 a - a +0 short sword (weapon)
Jewellery
 c - a ring of willpower (left hand)
Scrolls
 b - 2 scrolls of poison {unknown}
 d - a scroll of identify {unknown}
 h - a scroll of enchant weapon {unknown}
Potions
 e - a potion of lignification {unknown}
 f - a potion of curing {unknown}
 g - a potion of brilliance {unknown}


   Skills:
 - Level 2.1 Fighting
 + Level 3.7 Short Blades
 - Level 1.7 Dodging
 - Level 2.0 Spellcasting
 + Level 3.0 Conjurations


You had 2 spell levels left.
You knew the following spells:

 Your Spells              Type           Power      Damage    Failure   Level
a - Kiss of Death         Conj/Necr      20%        2d7       14%         1
b - Momentum Strike       Conj/Tloc      10%        3d8       21%         2

Your spell library contained the following spells:

 Spells                   Type           Power      Damage    Failure   Level
 Hailstorm                Conj/Ice       5%         3d4       38%         3


Dungeon Overview and Level Annotations

Branches:
Dungeon (2/15)

Altars:

Shops:
D:1 *


Innate Abilities, Weirdness & Mutations

Your plain brown scales are hard. (AC +4)
You cannot fit into any form of body armour.
You are cold-blooded and may be slowed by cold attacks.


Message History

You feel sick. The adder barely misses you.
You barely miss the adder.
The adder is lightly wounded.
You feel sick. The adder bites you but does no damage.
You closely miss the adder.
The adder is lightly wounded.
You feel sick. The adder bites you but does no damage.
You closely miss the adder.
The adder is lightly wounded.
You feel sick. The adder bites you.
* * * LOW HITPOINT WARNING * * *
You are more poisoned.
The adder poisons you!
You hit the adder but do no damage.
The adder is lightly wounded.
* * * LOW HITPOINT WARNING * * *
You feel sick. The adder bites you but does no damage.
You closely miss the adder.
Your tail-slap misses the adder.
The adder is lightly wounded.
* * * LOW HITPOINT WARNING * * *
You feel sick. The adder barely misses you.
Your magical contamination has completely faded away.
You hit the adder.
The adder is heavily wounded.
* * * LOW HITPOINT WARNING * * *
You feel sick. The adder bites you but does no damage.
You hit the adder.
The adder is heavily wounded.
* * * LOW HITPOINT WARNING * * *
You feel sick. The adder bites you.
* * * LOW HITPOINT WARNING * * *
You are more poisoned.
The adder poisons you!
You hit the adder but do no damage.
The adder is heavily wounded.
* * * LOW HITPOINT WARNING * * *
You feel sick. The adder bites you but does no damage.
You hit the adder.
The adder is heavily wounded.
You die...

#..#...######.
#..#..........
#. #....####.. #
#....###
#......##.
#.........
######....#.#...
..........#.# .#
#####...@##.. .
####S# #. #.#
#..S..........
#.####.###....
#.. .. ... ####


You could see an adder.

Vanquished Creatures
  3 dart slugs (D:1)
  A ball python (D:2)
  An endoplasm (D:2)
  A jackal (D:2)
  2 kobolds
8 creatures vanquished.

Notes
Turn   | Place    | Note
-------+----------+-------------------------------------------
     0 | D:1      | Strat the Draconian Reaver began the quest for the Orb.
     0 | D:1      | Reached XP level 1. HP: 17/17 MP: 3/3
    63 | D:1      | Found Xeumat's General Store.
   109 | D:1      | Reached XP level 2. HP: 21/24 MP: 5/5
   112 | D:1      | Learned a level 2 spell: Momentum Strike
   288 | D:2      | HP: 1/24 [poisoned by an adder]
   289 | D:2      | Succumbed to an adder's poison

Illustrated notes

Levels and vault maps discovered:
D:1:      lightli_arrival_chessboard, layout_rooms, serial_shops, shop,
          amethyst_killhole, minmay_tetromino_s4
D:2:      layout_basic, minmay_3d_cube

Action                     || total
---------------------------++-------
  Melee: Short sword       ||    51
         Tailslap          ||     3
   Cast: Momentum Strike   ||     1
 Armour: Skin              ||    16
  Dodge: Dodged            ||    23

Table legend: (Time is in decaauts)
 A = Elapsed time spent in this place.
 B = Non-inter-level travel time spent in this place.
 C = Inter-level travel time spent in this place.
 D = Time resting spent in this place.
 E = Time spent auto-exploring this place.
 F = Levels seen in this place.
 G = Mean time per level.
                   A        B        C        D        E       F      G
               +--------+--------+--------+--------+--------+-----+--------+
         Total |    279 |    279 |      0 |     48 |    127 |   2 |  139.5 |
       Dungeon |    279 |    279 |      0 |     48 |    127 |   2 |  139.5 |
               +--------+--------+--------+--------+--------+-----+--------+

Top non-repeatable levels by time:
     D:1: 151 daAuts
     D:2: 127 daAuts
